 Dungeon Crawl Stone Soup version 0.20-a0-1043-gbd57889 (webtiles) character file.

72 Lochraine the Skirmisher (level 4, 0/24 HPs)
             Began as a Vine Stalker Fighter on Apr 24, 2017.
             Slain by a leopard gecko (4 damage)
             ... on level 2 of the Dungeon.
             The game lasted 00:03:13 (1421 turns).

Lochraine the Skirmisher (Vine Stalker Fighter)     Turns: 1421, Time: 00:03:14

Health: 0/24       AC:  3    Str: 24    XL:     4   Next: 25%
Magic:  0/5        EV:  9    Int:  8    God:
Gold:   119        SH: 10    Dex: 14    Spells: 3/3 levels left

rFire    . . .     SeeInvis .   a - +0 rapier
rCold    + . .     Gourm    .   c - +0 shield
rNeg     . . .     Faith    .   m - +0 leather armour {rC+}
rPois    .         Spirit   +   (no helmet)
rElec    .         Reflect  .   (no cloak)
rCorr    +         Harm     .   (no gloves)
MR       .....                  (no boots)
Stlth    +.........             (no amulet)
Regen    0.5/turn               e - ring of resist corrosion
MPRegen  0.1/turn               (no ring)

@: mighty, lethally poisoned (0 -> 0)
A: fangs 2, regeneration 1, magic shield, antimagic bite, no potion heal 3, rot
immunity
a: no special abilities


You were on level 2 of the Dungeon.
You were hungry.

You visited 1 branch of the dungeon, and saw 2 of its levels.

You collected 119 gold pieces.

Inventory:

Hand Weapons
 a - a +0 rapier (weapon)
Armour
 b - a +0 scale mail
 c - a +0 shield (worn)
 m - a +0 leather armour of cold resistance (worn)
Jewellery
 e - a ring of resist corrosion (left hand)
 l - an uncursed amulet of rage {unknown}
Scrolls
 g - a scroll of identify {unknown}
 i - a scroll of teleportation {unknown}
 j - 2 scrolls of remove curse {unknown}
Potions
 h - a potion of experience {unknown}
 k - a potion of cancellation {unknown}
Comestibles
 f - a bread ration


   Skills:
 + Level 3.2 Fighting
 * Level 2.8 Short Blades
 - Level 2.6 Armour
 + Level 0.7 Dodging
 + Level 3.0 Shields


You had 3 spell levels left.
You didn't know any spells.

Dungeon Overview and Level Annotations

Branches:
Dungeon (2/15)

Altars:


Innate Abilities, Weirdness & Mutations

You have extremely sharp teeth.
Your natural rate of healing is unusually fast.
When hurt, damage is shared between your health and your magic reserves.
Your bite disrupts and absorbs the magic of your enemies.
Potions cannot restore your health.
You are immune to rotting.


Message History

The kobold throws a stone.
You block the stone.
The goblin unwields an uncursed hunting sling.
The goblin wields an uncursed club.
The goblin barely misses you.
You see here a stone.
You block the bat's attack. The goblin hits you but does no damage.
The kobold throws a stone.
You block the stone.
You see here a stone.
The bat hits you.
* * * LOW HITPOINT WARNING * * *
The goblin unwields an uncursed club.
The goblin wields an uncursed hunting sling.
The goblin shoots a stone.
The stone closely misses you. The bat hits you.
* * * LOW HITPOINT WARNING * * *
The kobold hits you but does no damage.
You are poisoned.
You feel sick.
There is a stone staircase leading up here.
You feel sick. The leopard gecko bites you.
You die...

#(# .# .# #(# ..
..# ####S##r. #.#
#...g(####..#...
#.#..b.......... #
##.).#.##=....
#.####g..##.....
..##....l.....# .
.......@K.#.....#
.................#
...........#..(..#
...........#.....#
...........#.....#
...........#......
............
...........#.


You could see a leopard gecko, a goblin and a kobold.

Vanquished Creatures
  Jessica (D:2)
  Natasha (D:1)
  An ooze (D:1)
  A dart slug (D:1)
  A goblin (D:1)
  3 hobgoblins
  3 kobolds (D:1)
  2 frilled lizards
  4 rats
17 creatures vanquished.

Notes
Turn   | Place    | Note
-------+----------+-------------------------------------------
     0 | D:1      | Lochraine the Vine Stalker Fighter began the quest for the Orb.
     0 | D:1      | Reached XP level 1. HP: 11/11 MP: 2/2
   397 | D:1      | Reached XP level 2. HP: 16/16 MP: 3/3
  1117 | D:2      | Noticed Natasha
  1120 | D:2      | Noticed a crimson imp
  1135 | D:1      | Killed Natasha
  1135 | D:1      | Reached XP level 3. HP: 5/20 MP: 4/4
  1392 | D:2      | Noticed Jessica
  1411 | D:2      | Killed Jessica
  1411 | D:2      | Gained mutation: Your natural rate of healing is unusually fast. [Vine Stalker growth]
  1411 | D:2      | Reached XP level 4. HP: 6/24 MP: 1/5
  1421 | D:2      | Slain by a leopard gecko

Vault maps used:
D:1:      dpeg_arrival_windows_large_door, kennysheep_nondescript
D:2:      chequers_temple_overflow_minitemple, first_bread,
          minmay_close_crescents, uniq_natasha, uniq_jessica, uniq_robin,
          uniq_sigmund

Skill      XL: |  1  2  3 |
---------------+----------+-----
Short Blades   | 2 |  2.8
Fighting       | 3 |  3.2
Shields        | 3 |  3.0
Armour         | |  2.6
Dodging        | |  0.7

Action                   |  1- 3 |  4- 6 || total
-------------------------+-------+-------++-------
Melee: Rapier            |    50 |     1 ||    51
       Bite              |    14 |       ||    14
  Use: Potion            |     1 |       ||     1
  Eat: Chunk             |     1 |       ||     1
Armor: Scale mail        |     3 |       ||     3
       Leather armour    |     6 |     2 ||     8
Dodge: Dodged            |    12 |     5 ||    17
Block: Shield            |    16 |     6 ||    22
